 Dungeon Crawl Stone Soup version 0.30-a0-634-g8abc85282e (webtiles) character file.

Game seed: 7425099933568753111

18 Leeroy the Slasher (level 2, -6/17 HPs)
             Began as a Tengu Warper on Jan 14, 2023.
             Mangled by Natasha (8 damage)
             ... on level 2 of the Dungeon.
             The game lasted 00:00:34 (680 turns).

Leeroy the Slasher (Tengu Warper)                    Turns: 680, Time: 00:00:35

Health: -6/17      AC:  3    Str: 11    XL:     2   Next: 66%
Magic:  6/6        EV: 11    Int: 13    God:
Gold:   61         SH:  0    Dex: 13    Spells: 5/5 levels left

rFire   . . .      SeeInvis .    a - +0 falchion
rCold   . . .      Faith    .    (no shield)
rNeg    . . .      Spirit   .    b - +0 leather armour
rPois   .          Reflect  .    (helmet restricted)
rElec   .          Harm     .    (no cloak)
rCorr   .          Rampage  .    (no gloves)
Will    .....                    (boots unavailable)
Stlth   +                        (no amulet)
HPRegen 0.22/turn                (no ring)
MPRegen 0.10/turn                (no ring)

@: very slow
A: beak, talons 3
a: no special abilities


You were on level 2 of the Dungeon.
You visited 1 branch of the dungeon, and saw 2 of its levels.

You collected 61 gold pieces.

Inventory:

Hand Weapons
 a - a +0 falchion (weapon)
Missiles
 d - 7 boomerangs of dispersal (quivered)
Armour
 b - a +0 leather armour (worn)
Jewellery
 i - an amulet of reflection
Scrolls
 c - a scroll of blinking
 e - a scroll of identify {unknown}
 f - a scroll of teleportation {unknown}
 j - a scroll of amnesia {unknown}
Potions
 g - 2 potions of might {unknown}
 h - a potion of curing {unknown}
 k - a potion of flight {unknown}
 l - a potion of invisibility {unknown}


   Skills:
 - Level 2.0 Fighting
 + Level 3.5 Long Blades
 - Level 1.0 Throwing
 - Level 1.1 Armour
 - Level 2.1 Dodging
 - Level 2.0 Spellcasting
 - Level 2.4 Translocations


You had 5 spell levels left.
You didn't know any spells.
Your spell library contained the following spells:

 Spells                   Type           Power      Damage    Failure   Level
 Blink                    Tloc           14%        N/A       19%         2
 Magic Dart               Conj           4%         1d3       32%         1
 Lesser Beckoning         Tloc           14%        N/A       36%         3
 Teleport Other           Tloc           7%         N/A       36%         3
 Call Imp                 Summ           1%         N/A       45%         2
 Vhi's Electric Charge    Tloc/Air       8%         N/A       52%         3
 Mephitic Cloud           Conj/Pois/Air  1%         N/A       69%         3
 Manifold Assault         Tloc           7%         N/A       77%         4


Dungeon Overview and Level Annotations

Branches:
Dungeon (2/15)

Altars:
Gozag

Annotations:
D:2 Natasha


Innate Abilities, Weirdness & Mutations

You have a beak for a mouth.
You have claws for feet.


Message History

There is a stone staircase leading down here.
No target in view!
You climb downwards.
There is a stone staircase leading up here.
You can't go down here!
Found 4 stones.
Found an opulent altar of Gozag.
A ball python comes into view.
A ball python is nearby!
The ball python bites you. The ball python barely misses you.
You barely miss the ball python. Your kick misses the ball python.
The ball python barely misses you. The ball python closely misses you.
You slash the ball python!
You kill the ball python!
No target in view!
No target in view!
A worm comes into view.
A worm is nearby!
A worm is nearby!
Natasha, Servant of Life and Death comes into view.
You enter the shallow water.
Moving in this stuff is going to be slow.
You hit the worm. You claw the worm. You peck the worm.
Your punch misses the worm.
The worm is moderately wounded.
Natasha stares at you and mumbles some strange words.
The magic dart hits you.
Your unstable footing causes you to fumble your attack.
The worm bites you!
* * * LOW HITPOINT WARNING * * *
You are too injured to fight recklessly!
You are too injured to fight recklessly!
You hit the worm. You claw the worm, but do no damage.
The worm is heavily wounded.
The worm bites you.
* * * LOW HITPOINT WARNING * * *
You barely miss the worm. You claw the worm, but do no damage.
The worm is heavily wounded.
Natasha extends her claws.
Natasha claws you!
You die...

..(....#.# #.~~≈≈≈.~
..._...#.# #.~≈≈≈≈.≈≈≈
.......#.#####.~~~~~.~≈≈
.....†...............~~~
###...##.#####.~~~≈.....
###.##.#####.~≈≈~.~~~~
#.##.......~≈≈~.~≈≈≈
#.########.≈≈h≈.~≈≈≈ #.#
#.~@w~.~~~~ #.#
#.......... #.#
####.#.###. #.# .# # #.#
.# .# .# .#


You could see a worm and Natasha.

Vanquished Creatures
  3 dart slugs (D:1)
  An endoplasm (D:1)
  A giant cockroach (D:1)
  2 quokkas (D:1)
  2 ball pythons
  A bat (D:1)
  2 rats (D:1)
12 creatures vanquished.

Notes
Turn   | Place    | Note
-------+----------+-------------------------------------------
     0 | D:1      | Leeroy the Tengu Warper began the quest for the Orb.
     0 | D:1      | Reached XP level 1. HP: 12/12 MP: 4/4
   159 | D:1      | Reached XP level 2. HP: 17/17 MP: 6/6
   163 | D:1      | Reached skill level 3 in Long Blades
   644 | D:2      | Found an opulent altar of Gozag.
   673 | D:2      | Noticed Natasha
   680 | D:2      | Mangled by Natasha

Illustrated notes

Levels and vault maps discovered:
D:1:      spicycebolla_green_bress_n_ham_2, layout_basic
D:2:      layout_basic, serial_shops, shop, basic_altar, minivault_14,
          uniq_natasha

Skill      XL: |  1  2 |
---------------+-------+-----
Long Blades    | 3 |  3.5
Fighting       | |  2.0
Throwing       | |  1.0
Armour         | |  1.1
Dodging        | |  2.1
Spellcasting   | |  2.0
Translocations | |  2.4

Action                   || total
-------------------------++-------
Melee: Falchion          ||    26
       Kick              ||     6
       Peck              ||     3
 Stab: Sleeping          ||     1
Armor: Leather armour    ||     2
Dodge: Dodged            ||     9

Table legend: (Time is in decaauts)
 A = Elapsed time spent in this place.
 B = Non-inter-level travel time spent in this place.
 C = Inter-level travel time spent in this place.
 D = Time resting spent in this place.
 E = Time spent auto-exploring this place.
 F = Levels seen in this place.
 G = Mean time per level.
                   A        B        C        D        E       F      G
               +--------+--------+--------+--------+--------+-----+--------+
         Total |    685 |    674 |     11 |      0 |    584 |   2 |  342.5 |
       Dungeon |    685 |    674 |     11 |      0 |    584 |   2 |  342.5 |
               +--------+--------+--------+--------+--------+-----+--------+

Top non-repeatable levels by time:
     D:1: 645 daAuts
     D:2: 40 daAuts
